 Dungeon Crawl Stone Soup version 0.17.0-24-gcfadda4 (webtiles) character file.

11476 Enroth the Jinx (level 11, -5/46 HPs)
             Began as a Felid Enchanter on Nov 12, 2015.
             Was the Champion of Makhleb.
             Slain by a water elemental (20 damage)
             ... summoned by the player character
             ... on level 3 of the Lair of Beasts on Nov 17, 2015.
             The game lasted 02:00:42 (14293 turns).

Enroth the Jinx (Felid Enchanter)                  Turns: 14293, Time: 02:00:42

Health: -5/46      AC:  3    Str:  4    XL:     11   Next: 49%
Magic:  34/34      EV: 25    Int: 18    God:    Makhleb [******]
Gold:   867        SH:  0    Dex: 20    Spells: 5 memorised, 9 levels left
                                        Lives:  0   Deaths: 3

rFire  x . .     SeeInvis +       - Unarmed
rCold  + + .     Clarity  .     (armour unavailable)
rNeg   + . .     SustAt   .     (shield unavailable)
rPois  +         Gourm    .     (helmet unavailable)
rElec  .         Spirit   .     (cloak unavailable)
rCorr  .         Warding  +     (gloves unavailable)
rMut   .         Stasis   .     (boots unavailable)
MR     +....                    k - amulet of warding
Stlth  +++++++...               E - ring of ice
                                g - ring of magical power

@: engulfed (cannot breathe), quick, somewhat resistant to hostile enchantments,
extremely stealthy
A: no armour, no weapons or thrown items, claws 1, fangs 3, see invisible,
carnivore 3, speed 1, poison resistance, shaggy fur 3, slow metabolism 1, spit
poison 1, sharp paws
a: Spit Poison, Minor Destruction, Lesser Servant of Makhleb, Major Destruction,
Greater Servant of Makhleb, Renounce Religion


You were on level 3 of the Lair of Beasts.
You worshipped Makhleb.
Makhleb was exalted by your worship.
You were very full.

You visited 3 branches of the dungeon, and saw 16 of its levels.
You also visited: Bailey.

You collected 867 gold pieces.

Inventory:

Jewellery
 g - a ring of magical power (left paw)
 k - an amulet of warding (around neck)
 E - a ring of ice (right paw)
Wands
 a - a wand of digging (15)
 h - a wand of draining (5)
 p - a wand of confusion (39)
 z - a wand of magic darts (19)
Scrolls
 e - 5 scrolls of amnesia
 l - 3 scrolls of blinking
 m - a scroll of recharging
 n - 6 scrolls of remove curse
 o - a scroll of teleportation
 v - 3 scrolls of fear
 x - a scroll of fog
Potions
 c - a potion of brilliance
 d - 10 potions of curing
 f - a potion of cure mutation
 q - 3 potions of magic
 r - 3 potions of might
 t - 3 potions of heal wounds
 A - a potion of flight
 B - a potion of berserk rage
Miscellaneous
 y - a phial of floods (inert)
 D - a stone of tremors (inert)
Comestibles
 b - 10 meat rations
 i - 3 slices of pizza
 j - a royal jelly


   Skills:
 + Level 4.8 Fighting
 + Level 8.2 Dodging
 - Level 12.4 Stealth
 + Level 6.3 Unarmed Combat
 + Level 9.4 Spellcasting
 + Level 13.5 Hexes
 * Level 2.7 Charms
 + Level 3.7 Ice Magic
 * Level 7.3 Invocations
 + Level 0.2 Evocations


You had 9 spell levels left.
You knew the following spells:

 Your Spells              Type           Power        Failure   Level  Hunger
a - Deflect Missiles      Chrm/Air       ##........   100%        6    ######.
b - Ensorcelled Hibernat  Hex/Ice        ######       1%          2    None
c - Tukima's Dance        Hex            ######..     1%          3    None
d - Confuse               Hex            ######..     1%          3    None
e - Silence               Hex/Air        ####......   17%         5    #####..


Dungeon Overview and Level Annotations

Branches:
Dungeon (12/15)            Temple (1/1) D:5            Lair (3/8) D:11
 Shoals (0/4) Lair:3
  Snake: Lair:3-6    Spider: Lair:3-6       Orc: D:9-12

Altars:
Ashenzari
Cheibriados
Dithmenos
Elyvilon
Fedhas
Gozag
Kikubaaqudgha
Makhleb
Nemelex Xobeh
Okawaru
Qazlal
Ru
Sif Muna
Trog
Vehumet
Xom
Yredelemnul
Zin
The Shining One

Shops:
D:6 !(   D:9 :   D:11 (   D:12 (

Annotations:
D:11 exclusion: ice statue
D:12 Frances
Lair:3 Harold


Innate Abilities, Weirdness & Mutations

You cannot wear armour.
You are incapable of wielding weapons or throwing items.
You have sharp claws.
You have razor-sharp teeth.
You have supernaturally acute eyesight.
You are carnivorous and can eat meat at any time.
You cover ground quickly.
Your thick and shaggy fur keeps you warm (AC +3, rC+).
You have a slow metabolism.
Your sharp claws are effective at attacking unaware monsters.
Your system is resistant to poisons.
You can spit weak poison.


Message History

Your lungs strain for air!
The water elemental barely misses you.
Harold casts a spell.
Harold blinks!
Read which item? (? for menu, Esc to quit)
You cannot read scrolls while unable to breathe!
Drink which item? (? for menu, Esc to quit)
You feel much better.
Your lungs strain for air!
The water elemental completely misses you.
You scratch the water elemental.
The water elemental is moderately damaged.
Your lungs strain for air!
The water elemental misses you.
Your earth elemental closely misses the water elemental.
You barely miss the water elemental.
The water elemental is moderately damaged.
Your lungs strain for air!
The water elemental hits you!!
You die...

.............##..#..##..P#
.........................#
........................##
...†......>.............##
......P..................#
.###.#P..................#
.....###......PP######...##
.#....'........### ##..#..
.#....##......##@####P..÷#
..'...#PP.....###EE###...#
.#P...#P.P....##...@....##
..# #.....#..# .
###≈###..## .. #§####÷÷.#
...##(.P##..##
......≈≈......# ...
..............#


You could see Harold, a water elemental and a friendly earth elemental.

Vanquished Creatures
  The ghost of Gargoyl the Covered, a novice DsAK of Lugonu (D:9)
  2 hill giants
  An ugly thing (D:11)
  2 manticores
  A black mamba (Lair:2)
  A gargoyle (D:10)
  2 komodo dragons (Lair:2)
  3 trolls
  A fire drake (D:11)
  3 polar bears (Lair:1)
  Grinder (D:6)
  A spriggan (D:8)
  16 yaks
  A wyvern (D:9)
  3 deep elf magi
  Eustachio (D:4)
  A basilisk (Lair:1)
  A mottled dragon (D:10)
  3 hippogriffs
  15 wolves
  3 ice beasts
  4 water moccasins
  4 orc warriors
  7 porcupines
  3 phantoms
  7 black bears
  2 sky beasts
  A necrophage (D:9)
  3 ogres
  10 centaurs
  2 big kobolds
  4 crocodiles
  A brain worm (D:9)
  11 giant frogs
  A gnoll sergeant (D:9)
  Dowan (D:6)
  A water moccasin zombie (D:7)
  4 scorpions
  6 killer bees (D:12)
  5 wights
  6 jellies
  4 crimson imps
  A quasit (D:11)
  A centaur zombie (D:9)
  6 hounds
  14 orc wizards
  Crazy Yiuf (D:4)
  8 iguanas
  6 orc priests
  2 giant frog skeletons
  8 worker ants
  4 sheep (Lair:3)
  A hound zombie (D:7)
  A hound skeleton (D:9)
  A worker ant zombie (D:6)
  9 gnolls
  15 river rats (Lair:3)
  16 adders
  4 shadow imps
  An ooze (D:1)
  2 adder zombies
  An adder skeleton (D:9)
  A worm (D:1)
  35 orcs
  14 hobgoblins
  29 kobolds
  5 quokkas
  6 bats
  11 giant cockroaches
  A giant cockroach zombie (D:5)
  3 giant geckos
  A giant gecko skeleton (D:6)
  5 giant newts
  7 goblins
  15 jackals
  10 rats
  A plant (Lair:2)
396 creatures vanquished.

Vanquished Creatures (collateral kills)
  Pikel (D:4)
  Duvessa (D:6)
  An ice beast (D:9)
  2 slaves (D:4)
  3 orc warriors
  2 ogres (D:9)
  A crocodile (Lair:3)
  Blork the orc (D:4)
  A big kobold (D:8)
  A scorpion (D:9)
  9 wights
  A crimson imp (D:8)
  2 orc wizards (D:4)
  An orc priest (D:7)
  4 gnolls (Bailey)
  An adder (D:11)
  7 orcs
  A hobgoblin (Bailey)
  4 kobolds
44 creatures vanquished.

Vanquished Creatures (others)
  3 dancing weapons
  An adder (D:4)
  A giant gecko skeleton (D:4)
  A quokka (D:4)
  A fungus (Lair:2)
7 creatures vanquished.

Grand Total: 447 creatures vanquished

Notes
Turn   | Place    | Note
--------------------------------------------------------------
     0 | D:1      | Enroth the Felid Enchanter began the quest for the Orb.
     0 | D:1      | Reached XP level 1. HP: 7/7 MP: 4/4
     1 | D:1      | Found a runed door.
   130 | D:1      | Reached XP level 2. HP: 3/12 MP: 4/6
   374 | D:1      | Learned a level 2 spell: Ensorcelled Hibernation
   491 | D:1      | Reached skill level 5 in Hexes
   681 | D:1      | Reached XP level 3. HP: 7/15 MP: 2/7
  1331 | D:1      | Learned a level 3 spell: Tukima's Dance
  1442 | D:2      | Reached XP level 4. HP: 13/18 MP: 8/8
  1460 | D:2      | Found a sacrificial altar of Ru.
  1464 | D:2      | Found an opulent altar of Gozag.
  1465 | D:2      | Found a snail-covered altar of Cheibriados.
  1632 | D:2      | Found a deep blue altar of Sif Muna.
  2122 | D:3      | Gained mutation: You possess an exceptional clarity of mind. [potion of beneficial mutation]
  2125 | D:3      | Lost mutation: You possess an exceptional clarity of mind. [potion of cure mutation]
  2127 | D:3      | Upgraded the game from 0.17.0-19-gb37c632 to 0.17.0-24-gcfadda4
  2318 | D:3      | Slain by an orc
  2319 | D:3      | Reached XP level 3. HP: -2/15 MP: 7/7
  2400 | D:3      | Reached skill level 5 in Stealth
  2418 | D:3      | Found a shattered altar of Ashenzari.
  2733 | D:3      | Reached XP level 4. HP: 9/18 MP: 4/9
  2751 | D:3      | Gained mutation: You can spit weak poison. [potion of beneficial mutation]
  2752 | D:3      | Gained mutation: Your system is resistant to poisons. [potion of beneficial mutation]
  2907 | D:3      | Reached skill level 1 in Fighting
  3094 | D:4      | Noticed Blork the orc
  3101 | D:4      | Killed Blork the orc
  3101 | D:4      | Reached XP level 5. HP: 3/22 MP: 3/10
  3630 | D:4      | Noticed Eustachio
  3653 | D:4      | Killed Eustachio
  3653 | D:4      | Reached skill level 6 in Stealth
  3653 | D:4      | Gained mutation: You are covered in thick fur (AC +2). [Felid growth]
  3653 | D:4      | Reached XP level 6. HP: 22/26 MP: 5/11
  3659 | D:4      | Noticed Pikel
  3659 | D:4      | Noticed a slave
  3659 | D:4      | Noticed a slave
  3660 | D:4      | Noticed a slave
  3660 | D:4      | Noticed a slave
  3680 | D:4      | Killed a slave
  3693 | D:4      | Killed a slave
  3703 | D:4      | HP: 1/26 [Pikel (5)]
  3717 | D:4      | Killed Pikel
  3717 | D:4      | Reached skill level 7 in Hexes
  3717 | D:4      | Reached XP level 7. HP: 11/30 MP: 2/14
  3883 | D:4      | Found an ancient bone altar of Kikubaaqudgha.
  3959 | D:4      | Killed from afar by an orc wizard
  3960 | D:4      | Reached XP level 6. HP: -3/26 MP: 10/13
  4053 | D:4      | Reached skill level 5 in Dodging
  4184 | D:4      | Noticed Crazy Yiuf
  4190 | D:4      | Killed Crazy Yiuf
  4237 | D:5      | Entered Level 5 of the Dungeon
  4383 | D:5      | Reached XP level 7. HP: 25/30 MP: 14/14
  4449 | D:5      | Reached skill level 1 in Ice Magic
  4464 | D:5      | Found a staircase to the Ecumenical Temple.
  4470 | Temple   | Entered the Ecumenical Temple
  4583 | D:5      | Learned a level 3 spell: Confuse
  4633 | D:5      | Found a shadowy altar of Dithmenos.
  4641 | D:5      | Found a bloodstained altar of Trog.
  4652 | D:5      | Found a burning altar of Makhleb.
  4661 | D:5      | Became a worshipper of Makhleb the Destroyer
  5086 | D:6      | Noticed Dowan
  5129 | D:6      | Noticed Duvessa
  5143 | D:6      | Killed Duvessa
  5151 | D:6      | Killed Dowan
  5151 | D:6      | Reached skill level 8 in Stealth
  5466 | D:6      | Found a radiant altar of Vehumet.
  5499 | D:6      | Reached XP level 8. HP: 27/34 MP: 14/16
  5638 | D:6      | Reached * piety under Makhleb
  5713 | D:6      | Reached skill level 5 in Spellcasting
  5740 | D:6      | Noticed Grinder
  5742 | D:6      | Found Ahopsigh's Antique Weapon Shop.
  5749 | D:6      | Reached skill level 9 in Stealth
  5761 | D:6      | Killed Grinder
  5763 | D:6      | Found Edissomo's Distillery.
  6085 | D:7      | Found a shimmering altar of Xom.
  6085 | D:7      | Found a shimmering altar of Xom.
  6086 | D:7      | Found a shimmering altar of Xom.
  6086 | D:7      | Found a shimmering altar of Xom.
  6086 | D:7      | Found a shimmering altar of Xom.
  6086 | D:7      | Found a shimmering altar of Xom.
  6087 | D:7      | Found a shimmering altar of Xom.
  6087 | D:7      | Found a shimmering altar of Xom.
  6087 | D:7      | Found a shimmering altar of Xom.
  6453 | D:7      | Reached ** piety under Makhleb
  6538 | D:7      | Noticed a troll
  6586 | D:7      | Found a basalt altar of Yredelemnul.
  6616 | D:7      | Noticed an anubis guard
  6667 | D:8      | Reached XP level 9. HP: 37/37 MP: 18/18
  6717 | D:8      | Reached skill level 10 in Stealth
  7708 | D:9      | Found Wievet's Book Shoppe.
  7725 | D:9      | Found a shattered altar of Ashenzari.
  7747 | D:9      | Reached skill level 10 in Hexes
  7759 | D:9      | Found a flagged portal.
  7787 | Bailey   | Entered a bailey
  7865 | Bailey   | Reached *** piety under Makhleb
  7930 | Bailey   | Noticed SaintRoka's ghost (novice HOAs)
  8691 | D:9      | Reached skill level 1 in Invocations
  8700 | D:9      | Noticed Gargoyl's ghost (novice DsAK)
  8731 | D:9      | Killed Gargoyl's ghost
  8793 | D:9      | Reached XP level 10. HP: 42/42 MP: 21/21
  8797 | D:9      | Reached skill level 11 in Hexes
  9058 | D:9      | Reached **** piety under Makhleb
  9424 | D:10     | Entered Level 10 of the Dungeon
  9439 | D:10     | Reached skill level 5 in Unarmed Combat
  9672 | D:10     | Found a glowing golden altar of the Shining One.
  9905 | D:10     | Reached skill level 12 in Hexes
  9989 | D:10     | Reached ***** piety under Makhleb
 10512 | D:11     | Noticed a white ugly thing
 10533 | D:11     | Killed a white ugly thing
 10533 | D:11     | Reached XP level 11. HP: 46/46 MP: 23/23
 10554 | D:11     | Noticed a manticore
 10562 | D:11     | Killed a manticore
 10617 | D:11     | Noticed a hill giant
 10625 | D:11     | Killed a hill giant
 10625 | D:11     | Reached skill level 5 in Invocations
 10901 | D:11     | Found a staircase to the Lair.
 11059 | D:11     | Found Iskulaci's Antique Weapon Boutique.
 11159 | D:11     | Found a frozen archway.
 11328 | Lair:1   | Entered Level 1 of the Lair of Beasts
 11781 | Lair:1   | Reached ****** piety under Makhleb
 12245 | Lair:2   | Reached skill level 13 in Hexes
 12503 | Lair:2   | Gained mutation: Your thick and shaggy fur keeps you warm (AC +3, rC+). [Felid growth]
 12503 | Lair:2   | Reached XP level 12. HP: 42/50 MP: 16/25
 12677 | Lair:2   | Noticed a five-headed hydra
 12830 | D:9      | Learned a level 6 spell: Deflect Missiles
 12836 | D:9      | Learned a level 5 spell: Silence
 13250 | D:12     | Reached skill level 1 in Charms
 13307 | D:12     | Found Guodghibe's Weapon Emporium.
 13308 | D:12     | Noticed Frances
 13331 | D:12     | Killed from afar by Frances
 13332 | D:12     | Reached XP level 11. HP: -9/46 MP: 8/34
 14141 | Lair:3   | Found a staircase to the Shoals.
 14267 | Lair:3   | Noticed Harold
 14293 | Lair:3   | Slain by a water elemental

Action                   |  1- 3 |  4- 6 |  7- 9 | 10-12 || total
-------------------------+-------+-------+-------+-------++-------
Melee: Unarmed           |   148 |   146 |   295 |   426 ||  1015
 Cast: Corona            |    29 |     5 |     4 |       ||    38
       Ensorcelled Hiber |    11 |    13 |    43 |   116 ||   183
       Tukima's Dance    |     5 |    12 |    20 |    12 ||    49
       Confuse           |       |       |    49 |    92 ||   141
Invok: Lesser Servant of |       |       |     1 |     1 ||     2
Evoke: Wand              |       |       |     6 |     7 ||    13
       Stone of tremors  |       |       |       |     1 ||     1
       Phial of floods   |       |       |       |     1 ||     1
  Use: Scroll            |     2 |     2 |    12 |     6 ||    22
       Potion            |     2 |    10 |     3 |     3 ||    18
 Stab: Sleeping          |    16 |    21 |    45 |   103 ||   185
       Distracted        |     1 |     1 |     3 |     2 ||     7
       Invisible         |     1 |       |       |       ||     1
       Confused          |       |       |    26 |    66 ||    92
  Eat: Chunk             |     9 |     5 |    20 |    17 ||    51
